 Dungeon Crawl Stone Soup version 0.31-a0-174-g85c54bcb58 (webtiles) character file.

Game seed: 2077799468555665540

1879 lunkers the Basher (level 9, 0/74 HPs)
             Began as a Meteoran Fighter on June 15, 2023.
             Killed by divine providence
             ... invoked by an orc priest
              (11 damage)
             ... on level 6 of the Dungeon.
             The game lasted 00:10:04 (2316 turns).

lunkers the Basher (Meteoran Fighter)               Turns: 2316, Time: 00:10:05

Health: 0/74       AC: 10    Str: 23    XL:     9   Next: 62%
Magic:  19/19      EV:  9    Int:  9    God:
Gold:   286        SH:  5    Dex: 14    Spells: 8/8 levels left

rFire   . . .        a - +1 flail
rCold   . . .        c - +0 buckler
rNeg    . . .        b - +0 scale mail
rPois   +            q - +0 helmet
rElec   .            (no cloak)
rCorr   .            k - +1 pair of gloves
SInv    .            (no boots)
Will    +....        (no amulet) Stlth
                     j - ring of magical power
HPRegen 0.32/turn    s - ring of poison resistance
MPRegen 0.16/turn

%: no passive effects
@: glowing
A: sense surroundings 2, otherworldly, glowing, explore regen
a: no special abilities


You were on level 6 of the Dungeon.
You visited 1 branch of the dungeon, and saw 6 of its levels.

You collected 286 gold pieces.

Inventory:

Hand Weapons
 a - a +1 flail (weapon)
 l - a +2 whip of flaming
Armour
 b - a +0 scale mail (worn)
 c - a +0 buckler (worn)
 k - a +1 pair of gloves (worn)
 m - a +1 leather armour of cold resistance
 q - a +0 helmet (worn)
Jewellery
 j - a ring of magical power (left hand)
 s - a ring of poison resistance (right hand)
Wands
 n - a wand of paralysis (16)
 o - a wand of iceblast (15)
 r - a wand of flame (17)
Scrolls
 g - 4 scrolls of identify
 h - a scroll of enchant weapon
 p - a scroll of teleportation
Potions
 d - a potion of attraction
 e - a potion of ambrosia
 f - a potion of magic
 i - 2 potions of heal wounds


   Skills:
 + Level 5.0 Fighting
 - Level 14.0 Maces & Flails
 + Level 4.8 Armour
 - Level 3.6 Shields


You had 8 spell levels left.
You didn't know any spells.
Your spell library contained the following spells:

 Spells                   Type           Power      Damage    Failure   Level
 Freeze                   Ice            0%         1d3       75%         1
 Necrotise                Necr           0%         1d4       75%         1
 Frozen Ramparts          Ice            0%         1d1       98%         3
 Hailstorm                Conj/Ice       0%         3d3       98%         3
 Vampiric Draining        Necr           0%         2d6       98%         3
 Agony                    Necr           0%         N/A       100%        5


Dungeon Overview and Level Annotations

Branches:
Dungeon (6/15) Zot: 2251
 Temple: D:4-7

Altars:
Hepliaklqana
Uskayaw

Shops:
D:4 ?:


Innate Abilities, Weirdness & Mutations

You passively map the area around you.
You are easily found by Zot.
You glow in the dark.
You regain HP and MP as you explore.


Message History

Unknown command.
You hit the hound.
The hound is lightly wounded.
The orc priest miscasts a cantrip.
The hound bites you.
* * * LOW HITPOINT WARNING * * *
You sock the hound!
You kill the hound!
Your Fighting skill increases to level 5!
Unknown command.
The orc priest hits you with a +0 dagger.
* * * LOW HITPOINT WARNING * * *
The orc priest hits you with a +0 hand axe.
* * * LOW HITPOINT WARNING * * *
Things that are here:
a +0 dagger; a +0 robe You barely miss the orc priest.
The orc priest hits you with a +0 dagger.
* * * LOW HITPOINT WARNING * * *
The orc hits you with a +0 short sword.
* * * LOW HITPOINT WARNING * * *
The orc priest hits you with a +0 hand axe.
* * * LOW HITPOINT WARNING * * *
You hit the orc priest but do no damage.
You closely miss the orc priest. You block the orc priest's attack.
The orc hits you with a +0 short sword.
* * * LOW HITPOINT WARNING * * *
The orc priest completely misses you.
You hit the orc priest.
The orc priest is lightly wounded.
The orc priest hits you with a +0 dagger.
* * * LOW HITPOINT WARNING * * *
The orc misses you.
The orc priest hits you with a +0 hand axe.
* * * LOW HITPOINT WARNING * * *
You closely miss the orc priest.
The orc priest is lightly wounded.
The orc priest invokes the aid of Beogh against you.
Beogh smites you!
You die...

#..# #.# * , *** #..# #.#*,
* ** * * ** #..# #.##.## *,
, , ,, .#..# #.##..# ### *
.#..# #.###.##########
#...,
.##.###...#...##.....##..#
* .....................#..#
* ...####..............#.#*
,
.#.####........o@).....####
.#...##........oo.......(..
*
.#...##...............####
.#...##...............#
.#..............>.....#
.#...##.#..........##.#
##...###########.#.##.#####
.......... , #.#.##.....#
######.### ***#.#.##.....#


You could see 2 orc priests and an orc.

Vanquished Creatures
  Pikel (D:4)
  Grinder (D:4)
  Sigmund (D:3)
  2 black bears
  A lemure (D:4)
  A phantom (D:6)
  2 bullfrogs
  A howler monkey (D:6)
  A jelly (D:5)
  5 orc priests
  3 hounds
  5 orc wizards
  3 iguanas
  Natasha (twice) (D:4)
  6 adders
  An ufetubus (D:5)
  3 worms
  A dart slug (D:1)
  20 orcs
  7 ball pythons
  6 endoplasms
  2 giant cockroaches
  3 goblins
  4 hobgoblins
  3 jackals (D:3)
  3 quokkas
  4 bats
  2 frilled lizards
  5 kobolds
  2 rats (D:2)
101 creatures vanquished.

Notes
Turn   | Place    | Note
-------+----------+-------------------------------------------
     0 | D:1      | lunkers the Meteoran Fighter began the quest for the Orb.
     0 | D:1      | Reached XP level 1. HP: 19/19 MP: 2/2
    52 | D:1      | Reached skill level 3 in Maces & Flails
   129 | D:1      | Reached XP level 2. HP: 26/26 MP: 3/3
   298 | D:1      | Reached skill level 4 in Maces & Flails
   365 | D:2      | Reached XP level 3. HP: 24/31 MP: 4/4
   741 | D:3      | Noticed a black bear
   752 | D:3      | Killed a black bear
   753 | D:3      | Reached skill level 6 in Maces & Flails
   753 | D:3      | Reached XP level 4. HP: 26/38 MP: 5/5
   753 | D:3      | Reached XP level 5. HP: 31/45 MP: 6/6
   802 | D:3      | Found a hazy altar of Hepliaklqana.
   984 | D:3      | Reached skill level 7 in Maces & Flails
   984 | D:3      | Reached XP level 6. HP: 38/51 MP: 7/7
  1006 | D:3      | Found a hide-covered altar of Uskayaw.
  1201 | D:4      | Noticed Grinder
  1213 | D:4      | Paralysed by Grinder for 5 turns
  1218 | D:4      | Killed Grinder
  1219 | D:4      | Reached skill level 9 in Maces & Flails
  1219 | D:4      | Reached XP level 7. HP: 47/57 MP: 8/8
  1248 | D:4      | Noticed Sigmund
  1320 | D:3      | Killed Sigmund
  1321 | D:3      | Reached skill level 10 in Maces & Flails
  1420 | D:4      | Noticed Pikel
  1424 | D:4      | Noticed Natasha
  1444 | D:4      | Reached XP level 8. HP: 63/63 MP: 9/9
  1460 | D:4      | Killed Pikel
  1461 | D:4      | Reached skill level 12 in Maces & Flails
  1466 | D:4      | Killed Natasha
  1525 | D:4      | Found Leizaj's Magic Scroll Shop.
  1540 | D:4      | Noticed Natasha
  1548 | D:4      | Killed Natasha
  1587 | D:4      | Found Zeysuoh's Tiny Tomes.
  1625 | D:4      | Gained mutation: You passively map the area around you.
                  | [Meteoran growth]
  1625 | D:4      | Reached XP level 9. HP: 66/70 MP: 10/10
  1655 | D:5      | Entered Level 5 of the Dungeon
  1764 | D:5      | Reached skill level 13 in Maces & Flails
  2117 | D:6      | Reached skill level 14 in Maces & Flails
  2311 | D:6      | Reached skill level 5 in Fighting
  2316 | D:6      | Killed from afar by an orc priest

Illustrated notes

Levels and vault maps discovered:
D:1:      amcnicky_arrival_feature_with_door, layout_loops_cross
D:2:      layout_loops_cross, chequers_serial_rivers_micro_c,
          minmay_misc_feat_roman, minivault_11, uniq_jessica
D:3:      layout_rooms, mainiacjoe_overflow_boulevard, mainiacjoe_overflow_paths
D:4:      layout_rooms, elyvilon_altar_3, serial_shops, nicolae_shop_stone,
          nicolae_shop_i_like_small_books_too, uniq_natasha, uniq_pikel,
          uniq_sigmund, uniq_grinder
D:5:      layout_loops_ring, zin_treasury, hellmonk_bongcloud_opening,
          kennysheep_dice
D:6:      layout_basic, kennysheep_okawaru_gauntlet

Skill      XL: |  1  2  3  4  5  6  7  8  9 |
---------------+----------------------------+-----
Maces & Flails | 3 4 6 7 9 10 12 14 | 14.0
Fighting       | 5 |  5.0
Armour         | 4 |  4.8
Shields        | |  3.6

Action                     |  1- 3 |  4- 6 |  7- 9 || total
---------------------------+-------+-------+-------++-------
  Melee: Flail             |    96 |    63 |   175 ||   334
         Whip              |       |       |   140 ||   140
  Evoke: Wand              |       |       |     1 ||     1
    Use: Scroll            |     6 |       |     7 ||    13
         Potion            |       |     1 |     1 ||     2
 Armour: Scale mail        |    43 |    40 |   111 ||   194
         Skin              |       |       |    16 ||    16
  Dodge: Dodged            |    49 |    30 |    60 ||   139
  Block: Buckler           |    28 |    19 |    46 ||    93

Table legend: (Time is in decaauts)
 A = Elapsed time spent in this place.
 B = Non-inter-level travel time spent in this place.
 C = Inter-level travel time spent in this place.
 D = Time resting spent in this place.
 E = Time spent auto-exploring this place.
 F = Levels seen in this place.
 G = Mean time per level.
                   A        B        C        D        E       F      G
               +--------+--------+--------+--------+--------+-----+--------+
         Total |   2248 |   2184 |     64 |      0 |   1029 |   6 |  374.7 |
       Dungeon |   2248 |   2184 |     64 |      0 |   1029 |   6 |  374.7 |
               +--------+--------+--------+--------+--------+-----+--------+

Top non-repeatable levels by time:
     D:3: 525 daAuts
     D:2: 407 daAuts
     D:5: 379 daAuts
     D:4: 363 daAuts
     D:1: 354 daAuts
     D:6: 217 daAuts
